 Dungeon Crawl Stone Soup version 0.31-a0-1036-g31867e143a (webtiles) character file.

Game seed: 6480468881064608046

121 Conn the Sneak (level 5, -1/31 HPs)
             Began as an Octopode Fire Elementalist on Nov 19, 2023.
             Was an Initiate of Elyvilon.
             Slain by a wight
             ... wielding a +4 morningstar
              (2 damage)
             ... on level 4 of the Dungeon.
             The game lasted 00:05:59 (3277 turns).

Conn the Sneak (Octopode Fire Elementalist)         Turns: 3277, Time: 00:05:59

Health: -1/31      AC:  5    Str:  8    XL:     5   Next: 5%
Magic:  4/9        EV: 12    Int: 25    God:    Elyvilon [......]
Gold:   121        SH:  4    Dex: 12    Spells: 3/9 levels left

rFire   . . .        p - +0 falchion (venom)
rCold   . . .        j - +0 buckler
rNeg    + . .        (helmet restricted)
rPois   .            (no amulet)
rElec   .            i - +4 ring of protection
rCorr   .            o - ring of positive energy
SInv    +            t - ring of see invisible
Will    .....        v - +6 ring of intelligence
Stlth   +++          (no ring)
HPRegen 0.25/turn    (no ring)
MPRegen 0.11/turn    (no ring)
                     (no ring)

%: no passive effects
@: no status effects
A: almost no armour, amphibious, 8 rings, camouflage 1, gelatinous body 1,
(nimble swimmer 1), tentacles
a: Renounce Religion


You were on level 4 of the Dungeon.
You worshipped Elyvilon.
Elyvilon was noncommittal.
You visited 1 branch of the dungeon, and saw 4 of its levels.

You collected 121 gold pieces.

Inventory:

Hand Weapons
 b - a +0 dagger
 p - a +0 falchion of venom (weapon)
Missiles
 u - 3 atropa-tipped darts
Armour
 j - a +0 buckler (worn)
Jewellery
 i - a +4 ring of protection (left tentacle)
 o - a ring of positive energy (right tentacle)
 t - a ring of see invisible (on tentacle)
 v - a +6 ring of intelligence (on tentacle)
Wands
 q - a wand of flame (5)
Scrolls
 c - 2 scrolls of enchant armour {unknown}
 d - a scroll of acquirement {unknown}
 e - 3 scrolls of identify {unknown}
 f - a scroll of enchant weapon {unknown}
 g - 2 scrolls of vulnerability {unknown}
 l - a scroll of immolation
 m - a scroll of summoning {unknown}
 n - a scroll of amnesia {unknown}
 r - a scroll of torment {unknown}
Potions
 a - a potion of magic
 h - a potion of haste {unknown}
 k - a potion of curing {unknown}
 s - a potion of cancellation
 w - a potion of degeneration {unknown}
 x - a potion of brilliance {unknown}


   Skills:
 + Level 0.0 Fighting
 + Level 0.1 Long Blades
 + Level 2.6 Dodging
 + Level 3.7 Stealth
 * Level 1.1 Shields
 * Level 2.7 Spellcasting
 * Level 2.1 Conjurations
 + Level 3.5 Fire Magic


You had 3 spell levels left.
You knew the following spells:

 Your Spells              Type           Power      Damage    Failure   Level
a - Foxfire               Conj/Fire      68%        2x1d7     4%          1
b - Scorch                Fire           42%        2d6       5%          2
c - Inner Flame           Hex/Fire       12%        N/A       24%         3

Your spell library contained the following spells:

 Spells                   Type           Power      Damage    Failure   Level
 Sting                    Tmut/Pois      12%        1d3       16%         1
 Poisonous Vapours        Pois/Air       6%         N/A       24%         2
 Volatile Blastmotes      Fire/Tloc      24%        2d12      24%         3
 Flame Wave               Conj/Fire      17%        2d7       45%         4
 Olgreb's Toxic Radiance  Pois           3%         N/A       85%         4


Dungeon Overview and Level Annotations

Branches:
Dungeon (4/15)
 Temple: D:4-7

Altars:
Elyvilon
Kikubaaqudgha
Makhleb


Innate Abilities, Weirdness & Mutations

You cannot wear most types of armour.
You are amphibious.
You can wear up to eight rings at the same time.
Your skin changes colour to match your surroundings (Stealth+).
Your rubbery body absorbs attacks. (AC +1, EV +1)
((You are camouflaged when in or above water. (Stealth+)))
You have tentacles for arms and can constrict up to eight enemies at once.


Message History

Aiming: Inner Flame (quite dangerous; 24% risk of failure)
Press: ? - help, Dir - move target, f - wight
Aim: a wight, wielding a +4 morningstar and wearing a +0 robe (chance to affect: 64%)
The wight is filled with an inner flame.
Casting: Inner Flame (quite dangerous; 24% risk of failure)
Confirm with . or Enter, or press ? or * to list all spells.
Flames lash the wight.
Flame seeps out of the wight.
The wight is lightly damaged.
The wight's fire resistance burns away.
The wight is engulfed in blazing flames.
Flame seeps out of the wight.
The endoplasm is engulfed in blazing flames.
You kill the endoplasm!
The wight is no longer more vulnerable to fire.
Casting: Scorch (safe; 5% risk of failure)
Confirm with . or Enter, or press ? or * to list all spells.
You conjure some foxfire!
The orc priest miscasts a cantrip.
The wight hits you with a +4 morningstar!
Ouch! That really hurt!
Unknown command.
Your foxfire dissipates!
The foxfire hits the wight but does no damage.
The wight is heavily damaged.
The orc priest calls down the wrath of Beogh upon you.
Beogh smites you!
* * * LOW HITPOINT WARNING * * *
The wight attacks as it pursues you! The wight barely misses you.
Okay, then.
Okay, then.
Unknown command.
Unknown command.
Unknown command.
Unknown command.
Unknown command.
Unknown command.
The wight attacks as it pursues you! The wight barely misses you.
It was a potion of cancellation.
You feel magically purged.
The wight hits you with a +4 morningstar.
You die...

#..#####.#.############
#.# #. #.o..z.....J....
#.# # #.######o######
#####.. # #.# #.#
##...#.( #.#####.# #.#
#.[..... #.......# #.#
###....... ####.#.##
#.# #.......<.
#.#.#######.#
#.##...#..
#######.#>#....@z.#
#.######..
#......#..#.#######
###.# #[† #.#####.###
#..<# ##. #.# #.### #.
##.## #.# #. #...# #.#
##. #.#.##.# #.# ##..
#...##.# #.# #####...
#.######.##.# #.#
#.......


You could see a wight (inner flame).

Vanquished Creatures
  4 adders (D:2)
  2 worms (D:2)
  2 dart slugs (D:2)
  An orc (D:3)
  2 bat zombies (D:4)
  9 endoplasms
  7 giant cockroaches
  7 hobgoblins
  2 quokkas (D:1)
  5 ball pythons
  6 bats
  3 frilled lizards
  7 goblins
  7 kobolds
  6 rats
  A rat zombie (D:4)
71 creatures vanquished.

Vanquished Creatures (collateral kills)
  A foxfire (D:3)
1 creature vanquished.

Vanquished Creatures (others)
  128 foxfires
128 creatures vanquished.

Grand Total: 200 creatures vanquished

Notes
Turn   | Place    | Note
-------+----------+-------------------------------------------
     0 | D:1      | Conn the Octopode Fire Elementalist began the quest for the
                  | Orb.
     0 | D:1      | Reached XP level 1. HP: 11/11 MP: 3/3
   142 | D:1      | Reached XP level 2. HP: 16/17 MP: 1/5
   676 | D:1      | Reached XP level 3. HP: 21/21 MP: 6/6
  1179 | D:2      | Reached XP level 4. HP: 27/27 MP: 7/7
  1375 | D:2      | Found a faded altar of an unknown god.
  1504 | D:2      | Found a white marble altar of Elyvilon.
  1620 | D:2      | Learned a level 2 spell: Scorch
  1624 | D:2      | Learned a level 3 spell: Inner Flame
  2289 | D:3      | Found a burning altar of Makhleb.
  2836 | D:3      | Found a white marble altar of Elyvilon.
  2927 | D:3      | Reached skill level 1 in Shields
  2943 | D:3      | Became a worshipper of Elyvilon the Healer
  3122 | D:4      | Reached XP level 5. HP: 31/31 MP: 9/9
  3130 | D:4      | Found an ancient bone altar of Kikubaaqudgha.
  3275 | D:4      | HP: 1/31 [orc priest/divine providence (14)]
  3277 | D:4      | Slain by a wight

Illustrated notes

Levels and vault maps discovered:
D:1:      minmay_arrival_doors, layout_loops_cross
D:2:      minmay_door_path, layout_basic, basic_altar,
          hellmonk_ecumenical_altar_blasted
D:3:      layout_loops_ring, nicolae_elyvilon_temple_path, lemuel_tele_altar,
          minmay_misc_feat_diagonals
D:4:      layout_loops_ring, lemuel_crystal_altar,
          lemuel_zombie_altar_kikubaaqudgha, dreamdust_gnoll_farm

Skill      XL: |  1  2  3  4 |
---------------+-------------+-----
Stealth        | 3 |  3.7
Conjurations   | 2 |  2.1
Shields        | 1 |  1.1
Long Blades    | |  0.1
Dodging        | |  2.6
Spellcasting   | |  2.7
Fire Magic     | |  3.5

Action                     |  1- 3 |  4- 6 || total
---------------------------+-------+-------++-------
  Melee: Unarmed           |     2 |       ||     2
         Tentacles         |     5 |     7 ||    12
         Dagger            |    32 |    26 ||    58
         Constrict         |     7 |     9 ||    16
         Falchion          |       |     9 ||     9
         Punch             |       |     2 ||     2
   Cast: Foxfire           |    35 |    45 ||    80
         Inner Flame       |       |     1 ||     1
         Scorch            |       |     1 ||     1
    Use: Potion            |       |     1 ||     1
   Stab: Sleeping          |     6 |     6 ||    12
 Armour: Skin              |    12 |    23 ||    35
  Dodge: Dodged            |    18 |    27 ||    45
  Block: Buckler           |       |     3 ||     3

Table legend: (Time is in decaauts)
 A = Elapsed time spent in this place.
 B = Non-inter-level travel time spent in this place.
 C = Inter-level travel time spent in this place.
 D = Time resting spent in this place.
 E = Time spent auto-exploring this place.
 F = Levels seen in this place.
 G = Mean time per level.
                   A        B        C        D        E       F      G
               +--------+--------+--------+--------+--------+-----+--------+
         Total |   3278 |   3135 |    143 |      0 |   2202 |   4 |  819.5 |
       Dungeon |   3278 |   3135 |    143 |      0 |   2202 |   4 |  819.5 |
               +--------+--------+--------+--------+--------+-----+--------+

Top non-repeatable levels by time:
     D:2: 1248 daAuts
     D:1: 933 daAuts
     D:3: 834 daAuts
     D:4: 262 daAuts
